Map: 2000 Atmospheres LE

Players

ButAlways

  • Race: Protoss Protoss

GogojOey - Winner!

  • Race: Zerg Zerg

VOD

Have the link to the VOD?

Description

Time

  • Played on: Sept. 30, 2021, 7:42 a.m.
  • Length: 13:58
Show
View Real Time Build Order
Export as new Build Order

ButAlways Protoss 

Build Orders: 1 Gate Expand, Phoenix Opening, Mass Phoenix 

Get SALT Encoding   

  12  0:00  Probe  
  13  0:12  Probe  
  14  0:19  Pylon  
  14  0:24  Probe  
  15  0:37  Gateway, Probe (Chrono Boost)  
  16  0:47  Assimilator, Probe (Chrono Boost)  
  17  0:52  Probe (Chrono Boost)  
  18  1:03  Probe  
  19  1:15  Probe  
  20  1:24  Nexus  
  20  1:34  Cybernetics Core  
  20  1:36  Probe  
  21  1:43  Assimilator  
  21  1:51  Pylon  
  21  1:53  Probe  
  22  2:05  Probe (Chrono Boost)  
  22  2:07  Adept (Chrono Boost)  
  26  2:15  Probe (Chrono Boost)  
  26  2:20  Probe (Chrono Boost), Stargate  
  27  2:24  Warp Gate  
  27  2:32  Adept  
  27  2:34  Probe (Chrono Boost)  
  27  2:36  Probe (Chrono Boost)  
  32  2:46  Probe (Chrono Boost)  
  32  2:47  Probe (Chrono Boost)  
  32  2:51  Probe (Chrono Boost)  
  33  2:55  Probe  
  33  2:57  Void Ray (Chrono Boost)  
  35  3:03  Probe  
  36  3:07  Probe  
  41  3:15  Probe, Pylon  
  41  3:19  Probe  
  43  3:20  Gateway  
  43  3:27  Probe  
  43  3:28  Assimilator  
  43  3:30  Assimilator  
  43  3:32  Probe  
  45  3:39  Probe  
  46  3:42  Stargate  
  46  3:44  Probe  
  46  3:45  Phoenix (Chrono Boost)  
  49  3:51  Probe  
  49  3:54  Pylon  
  50  3:56  Probe  
  50  3:59  Pylon  
  51  4:03  Probe  
  51  4:08  Probe  
  53  4:12  Phoenix (Chrono Boost), Pylon  
  53  4:15  Probe  
  56  4:20  Probe  
  57  4:26  Phoenix (Chrono Boost)  
  59  4:32  Adept  
  59  4:35  Adept  
  59  4:37  Phoenix (Chrono Boost)  
  65  4:41  Protoss Air Weapons Level 1  
  67  4:50  Phoenix (Chrono Boost)  
  67  4:56  Phoenix (Chrono Boost)  
  67  4:57  Nexus  
  69  5:04  Shield Battery  
  69  5:08  Phoenix, Probe  
  69  5:13  Probe  
  71  5:21  Adept x2  
  73  5:22  Probe  
  73  5:25  Phoenix  
  73  5:26  Pylon, Shield Battery  
  76  5:31  Probe  
  76  5:34  Probe  
  78  5:44  Phoenix, Probe  
  77  5:50  Phoenix  
  77  5:54  Probe  
  80  5:59  Probe  
  80  6:03  Pylon  
  81  6:05  Zealot, Pylon  
  81  6:06  Probe  
  81  6:08  Pylon  
  81  6:09  Phoenix  
  87  6:11  Probe  
  87  6:14  Robotics Facility  
  87  6:15  Phoenix  
  89  6:20  Probe  
  89  6:25  Assimilator  
  89  6:27  Forge  
  89  6:28  Probe  
  89  6:29  Assimilator  
  89  6:31  Adept x2  
  94  6:35  Probe  
  95  6:40  Phoenix  
  95  6:42  Probe  
  98  6:48  Phoenix  
  98  6:56  Probe x2  
  98  6:57  Probe  
  98  7:01  Adept x2  
  105  7:06  Robotics Bay, Phoenix  
  105  7:08  Probe x2, Pylon  
  108  7:15  Phoenix, Stargate  
  111  7:18  Probe  
  111  7:20  Probe x2  
  114  7:26  Fleet Beacon  
  114  7:28  Zealot x2, Pylon  
  118  7:33  Phoenix  
  118  7:35  Probe x2  
  122  7:38  Pylon  
  122  7:41  Phoenix  
  124  7:48  Immortal  
  128  7:58  Nexus  
  128  8:02  Phoenix  
  130  8:10  Anion Pulse-Crystals (Chrono Boost), Phoenix  
  130  8:12  Pylon  
  132  8:21  Void Ray  
  132  8:26  Void Ray  
  130  8:31  Immortal (Chrono Boost)  
  126  8:39  Void Ray  
  120  8:43  Shield Battery  
  120  8:46  Pylon, Shield Battery  
  120  8:47  Zealot, Shield Battery  
  120  8:48  Zealot  
  128  8:49  Shield Battery  
  128  8:51  Shield Battery  
  128  8:54  Photon Cannon  
  126  9:02  Probe x3  
  129  9:07  Flux Vanes  
  129  9:08  Immortal  
  134  9:10  Probe  
  134  9:12  Assimilator  
  134  9:14  Probe  
  134  9:15  Protoss Air Weapons Level 2  
  134  9:16  Void Ray  
  135  9:22  Assimilator  
  139  9:25  Probe x2  
  141  9:37  Twilight Council, Void Ray  
  145  9:45  Zealot x2  
  145  9:48  Immortal  
  145  9:50  Void Ray  
  153  9:53  Void Ray  
  160  10:00  Protoss Ground Weapons Level 1 (Chrono Boost)  
  160  10:06  Gateway  
  160  10:09  Gateway  
  160  10:10  Stalker x2, Gateway  
  160  10:11  Blink (Chrono Boost)  
  164  10:19  Gateway  
  164  10:23  Templar Archives  
  164  10:28  Shield Battery  
  164  10:32  Immortal  
  164  10:33  Pylon  
  164  10:34  Void Ray  
  164  10:35  Void Ray  
  170  10:49  Gateway  
  170  10:50  Gateway  
  170  10:53  Pylon  
  170  10:57  Stalker x2  
  174  11:11  Stalker, Observer, High Templar x2  
  179  11:15  Archon  
  172  11:33  Observer  
  172  11:38  Stalker x4  
  122  11:41  Void Ray x2  
  114  11:54  Stalker x4  
  114  12:01  Stalker x2  
  124  12:05  Stalker x2  
  124  12:07  Immortal  
  124  12:08  Probe  
  130  12:12  Probe  
  128  12:19  Zealot x4  
  128  12:21  Probe  
  110  12:29  Stalker x4  
  97  12:35  Probe  
  83  12:39  Stalker x4  
  76  12:52  Stalker x4  
  81  13:07  Stalker x3  
  81  13:12  Nexus  
  81  13:30  Stalker x3  
Show
View Real Time Build Order
Export as new Build Order

GogojOey Zerg - Winner!

Build Orders: Hatch First 

Get SALT Encoding   

  12  0:00  Drone  
  13  0:12  Overlord  
  13  0:16  Drone  
  14  0:30  Drone  
  14  0:31  Drone  
  16  0:44  Drone  
  16  0:45  Drone  
  18  0:55  Hatchery  
  17  0:58  Drone  
  17  0:59  Extractor  
  17  1:12  Spawning Pool  
  17  1:15  Drone  
  17  1:19  Drone  
  18  1:27  Drone  
  19  1:38  Drone  
  20  1:51  Drone  
  21  2:00  Zergling x2  
  22  2:03  Metabolic Boost  
  22  2:06  Queen  
  22  2:07  Queen  
  22  2:08  Zergling x2  
  27  2:11  Overlord  
  27  2:19  Drone  
  28  2:29  Drone  
  29  2:34  Hatchery  
  29  2:35  Drone  
  29  2:36  Drone  
  30  2:39  Drone  
  31  2:46  Queen  
  31  2:51  Overlord  
  33  2:54  Drone  
  33  2:58  Drone  
  33  3:05  Zergling x2  
  35  3:07  Zergling x2  
  35  3:13  Drone  
  35  3:15  Drone x4  
  35  3:16  Drone  
  35  3:17  Drone  
  42  3:21  Overlord  
  42  3:27  Drone  
  43  3:30  Overlord  
  43  3:36  Drone  
  44  3:46  Overlord  
  44  3:48  Drone x2  
  46  3:50  Drone, Queen  
  46  3:54  Drone  
  46  3:55  Queen  
  52  3:57  Spore Crawler  
  52  3:58  Drone x4  
  52  4:02  Spore Crawler  
  54  4:03  Spore Crawler  
  54  4:06  Drone x2  
  55  4:10  Lair  
  55  4:14  Drone x2  
  57  4:18  Drone x3  
  57  4:21  Drone  
  60  4:26  Overlord  
  60  4:27  Drone x2  
  60  4:28  Queen  
  64  4:36  Drone  
  65  4:38  Roach Warren  
  65  4:41  Overlord  
  65  4:42  Drone  
  65  4:45  Drone  
  65  4:46  Drone x5  
  71  4:52  Extractor  
  71  4:54  Zergling x6, Extractor x3  
  71  4:56  Drone x3  
  73  5:00  Drone x3  
  73  5:01  Queen  
  78  5:08  Drone x3  
  80  5:17  Glial Reconstitution  
  80  5:20  Evolution Chamber, Queen  
  81  5:22  Overlord x2  
  81  5:26  Overlord  
  81  5:31  Queen, Extractor  
  81  5:34  Overlord  
  81  5:35  Spire  
  81  5:36  Overseer  
  81  5:38  Drone  
  81  5:39  Queen  
  80  5:50  Drone x11  
  91  5:57  Drone  
  91  5:58  Drone x2  
  91  5:59  Queen  
  91  6:00  Zerg Missile Weapons Level 1  
  94  6:06  Spore Crawler  
  94  6:08  Queen  
  94  6:15  Queen, Overlord  
  94  6:18  Drone, Spore Crawler  
  94  6:21  Spore Crawler  
  94  6:23  Spore Crawler, Overlord  
  92  6:30  Overlord  
  92  6:39  Hatchery, Spore Crawler  
  88  6:44  Spore Crawler  
  85  6:54  Corruptor x7  
  101  7:05  Zerg Flyer Weapons Level 1  
  101  7:06  Queen x2, Corruptor  
  100  7:19  Queen  
  100  7:20  Drone x2  
  104  7:23  Overlord x3  
  104  7:24  Overlord x2  
  104  7:30  Infestation Pit  
  104  7:34  Overlord  
  104  7:36  Overlord x2  
  103  7:42  Overlord  
  103  7:43  Overlord  
  103  7:50  Corruptor x4  
  109  7:59  Drone x9  
  109  8:02  Roach x2  
  122  8:10  Zergling x2, Roach x4  
  122  8:12  Roach  
  133  8:22  Roach x4  
  137  8:31  Zergling x10, Roach x2  
  142  8:36  Zerg Ground Armor Level 1  
  142  8:37  Drone x2  
  142  8:40  Queen  
  143  8:42  Spore Crawler  
  143  8:43  Drone x2  
  143  8:45  Hive  
  144  8:51  Drone  
  144  8:52  Drone  
  144  8:55  Drone x2  
  148  8:56  Ravager  
  148  8:57  Ravager x3  
  148  8:59  Spore Crawler  
  148  9:02  Spore Crawler  
  150  9:05  Drone x2  
  150  9:06  Corruptor x2  
  150  9:07  Evolution Chamber  
  154  9:15  Corruptor x2  
  158  9:25  Corruptor x2  
  158  9:26  Corruptor x2  
  166  9:31  Drone x2  
  166  9:32  Drone  
  169  9:42  Overlord x2  
  169  9:43  Roach x3  
  169  9:45  Extractor  
  174  9:48  Overlord  
  174  9:51  Zerg Missile Weapons Level 2  
  174  9:52  Drone x2  
  159  10:02  Drone x3  
  159  10:05  Extractor  
  159  10:09  Viper x2  
  159  10:11  Queen x3  
  159  10:12  Queen  
  173  10:16  Drone x3  
  176  10:26  Adrenal Glands  
  176  10:32  Hatchery  
  176  10:35  Zergling x12  
  179  10:36  Ultralisk Cavern  
  179  10:38  Zergling x12  
  179  10:42  Zerg Ground Armor Level 2  
  185  10:46  Zergling x16, Queen, Roach  
  197  10:50  Zergling x2  
  197  10:51  Zergling x4  
  199  10:57  Greater Spire  
  199  11:06  Spine Crawler x2  
  199  11:11  Hatchery  
  196  11:22  Ravager x3  
  166  11:41  Ultralisk x3, Zergling x22  
  166  11:42  Zergling x14  
  166  11:45  Zergling x4  
  199  11:57  Chitinous Plating  
  184  12:21  Ultralisk x3, Zergling x8  
  200  12:29  Zergling x6  
  195  12:38  Zergling x12  
  195  12:49  Zergling x10  
  194  13:01  Ultralisk  
  191  13:12  Zergling x22, Spine Crawler, Spore Crawler  
  198  13:14  Spine Crawler  
  198  13:18  Brood Lord x4  
  199  13:24  Zergling x2  
  192  13:29  Spine Crawler  
  192  13:31  Spine Crawler  
Tags
 
Add a new tag
Caveats
  • Supply blocks, unpowered buildings, or Contaminate may cause inaccurate times.
  • Supply counts are checked every 10 seconds.